 Dungeon Crawl Stone Soup version 0.28.0-1-gb440e238dd (webtiles) character file.

Game seed: 5154950710553524543

6716 Peloso the Carver (level 10, -4/90 HPs)
             Began as a Minotaur Fighter on Feb 19, 2022.
             Was a Priest of Okawaru.
             Slain by a five-headed hydra (10 damage)
             ... on level 8 of the Dungeon.
             The game lasted 00:16:35 (9603 turns).

Peloso the Carver (Minotaur Fighter)                Turns: 9603, Time: 00:16:36

Health: -4/90      AC: 22    Str: 22    XL:     10   Next: 74%
Magic:  7/9        EV: 10    Int:  5    God:    Okawaru [***...]
Gold:   528        SH: 13    Dex: 13    Spells: 9/9 levels left

rFire   + . .      SeeInvis .   b - +0 spear (flame)
rCold   . . .      Faith    .   c - +0 buckler
rNeg    . . .      Spirit   .   B - +0 plate armour
rPois   +          Reflect  +   (helmet restricted)
rElec   .          Harm     .   w - +0 cloak
rCorr   .          Rampage  .   n - +0 pair of gloves
Will    .....                   m - +1 pair of boots
Stlth   ..........              r - amulet of reflection
HPRegen 0.25/turn               k - ring of poison resistance
MPRegen 0.11/turn               q - ring of protection from fire

@: heroic, studying Slings
A: horns 2, retaliatory headbutt
a: Renounce Religion, Heroism


You were on level 8 of the Dungeon.
You worshipped Okawaru.
Okawaru was most pleased with you.
You visited 2 branches of the dungeon, and saw 10 of its levels.

You collected 528 gold pieces.

Inventory:

Hand Weapons
 a - a +1 falchion of electrocution
 b - a +0 spear of flaming (weapon)
Armour
 c - a +0 buckler (worn)
 m - a +1 pair of boots (worn)
 n - a +0 pair of gloves (worn)
 v - a +0 chain mail
 w - a +0 cloak (worn)
 B - a +0 plate armour (worn)
Jewellery
 i - an amulet of the acrobat
 k - a ring of poison resistance (left hand)
 q - a ring of protection from fire (right hand)
 r - an amulet of reflection (around neck)
Wands
 p - a wand of flame (30)
Scrolls
 j - 2 scrolls of teleportation
 l - a scroll of amnesia
 t - 3 scrolls of magic mapping
 x - a scroll of enchant armour
 y - a scroll of noise
 A - a scroll of fog
 C - a scroll of enchant weapon {unknown}
Potions
 d - a potion of might
 g - 2 potions of resistance
 h - 2 potions of flight
 o - 2 potions of cancellation
 s - a potion of invisibility
 u - 2 potions of magic
 z - a potion of brilliance {unknown}
 D - a potion of ambrosia {unknown}
 E - a potion of degeneration {unknown}


   Skills:
 + Level 8.5(13.5) Fighting
 + Level 11.9(16.9) Long Blades
 + Level 9.8(14.8) Armour
 + Level 3.7(8.7) Dodging
 + Level 2.1(7.1) Stealth
 + Level 9.6(14.6) Shields
 + Level 0.9 Invocations


You had 9 spell levels left.
You didn't know any spells.
Your spell library contained the following spells:

 Spells                   Type           Power      Damage    Failure   Level
 Apportation              Tloc           0%         N/A       99%         1
 Beastly Appendage        Tmut           0%         N/A       99%         1
 Sting                    Tmut/Pois      0%         1d3       99%         1
 Poisonous Vapours        Pois/Air       0%         N/A       100%        2
 Wereblood                Tmut           0%         N/A       100%        2
 Ignite Poison            Fire/Tmut/Pois 0%         N/A       100%        3
 Mephitic Cloud           Conj/Pois/Air  0%         N/A       100%        3
 Spider Form              Tmut/Pois      0%         N/A       100%        3
 Olgreb's Toxic Radiance  Pois           0%         N/A       100%        4
 Freezing Cloud           Conj/Ice/Air   0%         6-21      100%        5
 Animate Skeleton         Necr           Unusable   N/A       N/A         1
 Summon Small Mammal      Summ           Unusable   N/A       N/A         1

Dungeon Overview and Level Annotations

Branches:
Dungeon (9/15)             Temple (1/1) D:7
   Lair: D:8-11         Orc: D:9-12

Altars:
Ashenzari
Cheibriados
Elyvilon
Fedhas
Gozag
Hepliaklqana
Kikubaaqudgha
Makhleb
Nemelex Xobeh
Okawaru
Qazlal
Ru
Sif Muna
Trog
Uskayaw
Vehumet
Wu Jian
Xom
Yredelemnul
Zin
The Shining One
Beogh

Shops:
D:1 *   D:7 *   D:9 (

Portals:
Abyss: D:4

Annotations:
D:4 2 transporters, Tzialkovskiy's ghost, amateur DECj


Innate Abilities, Weirdness & Mutations

You have a pair of horns on your head.
You reflexively headbutt those who attack you in melee.


Message History

The five-headed hydra bites you but does no damage.
Unknown command.
You hit the five-headed hydra. You burn the five-headed hydra.
The five-headed hydra is heavily wounded.
The five-headed hydra bites you!
The five-headed hydra bites you but does no damage. x2
The five-headed hydra bites you.
The five-headed hydra closely misses you.
Unknown command.
You hit the five-headed hydra. You burn the five-headed hydra.
The five-headed hydra is heavily wounded.
The five-headed hydra bites you but does no damage.
You block the five-headed hydra's attack.
The five-headed hydra bites you.
* * * LOW HITPOINT WARNING * * *
The five-headed hydra bites you but does no damage. x2
You hit the five-headed hydra. You burn the five-headed hydra.
You headbutt the five-headed hydra, but do no damage.
The five-headed hydra is severely wounded.
The five-headed hydra bites you but does no damage.
You block the five-headed hydra's attack.
The five-headed hydra bites you but does no damage.
You block the five-headed hydra's attack.
The five-headed hydra bites you but does no damage.
You hit the five-headed hydra. You burn the five-headed hydra.
The five-headed hydra is severely wounded.
The five-headed hydra bites you!
* * * LOW HITPOINT WARNING * * *
The five-headed hydra bites you but does no damage.
The five-headed hydra bites you.
* * * LOW HITPOINT WARNING * * *
The five-headed hydra bites you but does no damage.
The five-headed hydra completely misses you.
You puncture the five-headed hydra! You burn the five-headed hydra.
The five-headed hydra is almost dead.
The five-headed hydra bites you.
* * * LOW HITPOINT WARNING * * *
The five-headed hydra bites you but does no damage. x3
The five-headed hydra bites you!
You die...

..####..##...#####...>..## #..##
......#..............##.# ##.##
..........#....###..###.# #..#
......##.###.#.......##.# ####
......##..##....####..#.# #.
##.######..##.#..# ##...# #. #.#
##.##.#..#####..### #. #.#
#....##.D..###...# #( #.#
###..##@...###.#.### #. #.#
##...###...##.#...# #. #.##
###..#.####..##.###.####. #..#
#(..##..........# #...#..
##.#####.#########..#..#####.#.#
###..#....# #......###.....
.......#### ##.............
#.#...## #####.###.....
....#.##################...#.....


You could see a five-headed hydra.

Vanquished Creatures
  A death knight (D:9)
  2 centaur warriors (D:9)
  A tengu warrior (D:9)
  A manticore (D:8)
  A hornet (D:8)
  A yak (D:8)
  A wyvern (D:9)
  A water moccasin (D:7)
  3 orc warriors
  A sky beast (D:6)
  3 ogres
  3 black bears
  8 centaurs
  3 phantoms
  2 kobold brigands
  A gnoll sergeant (D:5)
  2 bullfrogs
  3 scorpions
  A wight (D:7)
  5 howler monkeys
  A centaur zombie (D:7)
  A bullfrog zombie (D:5)
  A centaur skeleton (D:7)
  4 hounds
  4 jellies
  3 orc priests
  A bullfrog skeleton (D:6)
  3 iguanas (D:5)
  6 orc wizards
  A hound skeleton (D:5)
  7 gnolls
  5 adders
  A howler monkey skeleton (D:7)
  2 shadow imps
  A white imp (D:8)
  2 ufetubi (D:5)
  2 dart slugs
  29 orcs
  8 endoplasms
  8 giant cockroaches
  11 goblins
  10 hobgoblins
  6 jackals
  14 kobolds
  3 quokkas
  6 ball pythons
  4 bats
  3 frilled lizards
  A rat (D:1)
192 creatures vanquished.

Vanquished Creatures (others)
  A kobold (D:7)
1 creature vanquished.

Grand Total: 193 creatures vanquished

Notes
Turn   | Place    | Note
-------+----------+-------------------------------------------
     0 | D:1      | Peloso the Minotaur Fighter began the quest for the Orb.
     0 | D:1      | Reached XP level 1. HP: 19/19 MP: 0/0
   204 | D:1      | Reached XP level 2. HP: 23/27 MP: 1/1
   635 | D:1      | Found Balov's Assorted Antiques.
   758 | D:1      | Reached XP level 3. HP: 33/33 MP: 2/2
  1391 | D:2      | Reached skill level 1 in Dodging
  1624 | D:2      | Reached XP level 4. HP: 41/41 MP: 3/3
  1715 | D:3      | Found a faded altar of an unknown god.
  1774 | D:3      | Reached skill level 3 in Long Blades
  2241 | D:3      | Reached XP level 5. HP: 40/47 MP: 4/4
  2804 | D:4      | Noticed an ogre
  2811 | D:4      | Killed an ogre
  2812 | D:4      | Reached skill level 4 in Long Blades
  2812 | D:4      | Reached skill level 5 in Armour
  3010 | D:4      | Reached XP level 6. HP: 30/55 MP: 5/5
  3250 | D:4      | Noticed a small abomination
  3260 | D:4      | Found a transporter.
  3265 | D:4      | Found a one-way gate to the infinite horrors of the Abyss.
  3265 | D:4      | Noticed Tzialkovskiy's ghost (amateur DECj)
  3271 | D:4      | Found a transporter.
  3320 | D:4      | Noticed a toenail golem
  3320 | D:4      | Noticed a small abomination
  3497 | D:4      | Reached skill level 5 in Fighting
  3497 | D:4      | Reached skill level 5 in Long Blades
  3792 | D:5      | Entered Level 5 of the Dungeon
  3806 | D:5      | Reached XP level 7. HP: 34/61 MP: 6/6
  4133 | D:5      | Reached skill level 6 in Long Blades
  4133 | D:5      | Reached skill level 5 in Shields
  4296 | D:6      | Reached skill level 7 in Long Blades
  4346 | D:6      | Reached XP level 8. HP: 18/70 MP: 7/7
  5707 | D:6      | Reached skill level 8 in Long Blades
  6265 | D:7      | Found Sesya's General Store.
  6378 | D:7      | Reached XP level 9. HP: 74/78 MP: 8/8
  6747 | D:7      | Reached skill level 9 in Long Blades
  6801 | D:7      | Found a staircase to the Ecumenical Temple.
  6810 | Temple   | Entered the Ecumenical Temple
  6855 | Temple   | Became a worshipper of Warmaster Okawaru
  6980 | D:7      | Reached skill level 1 in Stealth
  7621 | D:8      | Reached * piety under Okawaru
  7813 | D:8      | Noticed a manticore
  7825 | D:8      | Killed a manticore
  7826 | D:8      | Reached skill level 10 in Long Blades
  7990 | D:9      | Reached ** piety under Okawaru
  8133 | D:9      | Reached XP level 10. HP: 83/86 MP: 9/9
  8329 | D:9      | Noticed a death knight
  8329 | D:9      | Noticed a white ugly thing
  8329 | D:9      | Noticed a boulder beetle
  8398 | D:9      | Killed a death knight
  8399 | D:9      | Reached skill level 11 in Long Blades
  8691 | D:9      | Noticed a centaur warrior
  8692 | D:9      | Noticed a tengu warrior
  8693 | D:9      | Found Jooxih's Weapon Emporium.
  8724 | D:9      | Noticed a centaur warrior
  9052 | D:9      | Killed a centaur warrior
  9056 | D:9      | Killed a centaur warrior
  9056 | D:9      | Reached *** piety under Okawaru
  9064 | D:9      | HP: 4/88 [troll (8)]
  9456 | D:9      | Killed a tengu warrior
  9569 | D:9      | Noticed a five-headed hydra
  9603 | D:8      | Slain by a five-headed hydra

Illustrated notes

Levels and vault maps discovered:
D:1:      ncdulo_halloftheorcs, layout_basic, serial_shops, nicolae_square_shop
D:2:      layout_basic
D:3:      layout_rooms, ebering_ecumenical_altar_mist, moated_statue,
          hangedman_decor_growths, guppyfry_early_lair_pool
D:4:      minmay_wonky_spiral, layout_basic, gammafunk_ghost_abyssal_escape
D:5:      layout_loops_ring, grunt_decor_fettered, minmay_manual_mares
D:6:      layout_layer_cave
D:7:      layout_basic, minmay_temple_entry_grid, kennysheep_small_circle
D:8:      layout_rooms, minmay_misc_feat_cross, glass_columns_a, st_stairs_12,
          kennysheep_crisscross
D:9:      layout_roguey [special_room_orc], minmay_shop_grid_forest,
          minivault_28
Temple:   kilobyte_greek_temple

Skill      XL: |  1  2  3  4  5  6  7  8  9 10 |
---------------+-------------------------------+-----
Shields        | 4 5 7 8 9 |  9.6
Fighting       | 4 5 6 7 8 |  8.5
Armour         | 4 5 6 7 8 9 |  9.8
Dodging        | 1 2 3 |  3.7
Long Blades    | 3 4 5 7 8 10 11 | 11.9
Stealth        | 1 2 |  2.1
Invocations    | |  0.9

Action                   |  1- 3 |  4- 6 |  7- 9 | 10-12 || total
-------------------------+-------+-------+-------+-------++-------
Melee: Long sword        |    84 |   120 |   286 |       ||   490
       Headbutt          |     5 |    18 |    64 |    25 ||   112
       Falchion          |       |       |    23 |   108 ||   131
       Spear             |       |       |       |    10 ||    10
Invok: Heroism           |       |       |       |     5 ||     5
  Use: Scroll            |       |     5 |     8 |     5 ||    18
       Potion            |       |     1 |       |     1 ||     2
Armor: Scale mail        |    39 |    75 |     9 |       ||   123
       Chain mail        |       |       |   125 |       ||   125
       Plate armour      |       |       |    37 |    77 ||   114
Dodge: Dodged            |    45 |    75 |    92 |    34 ||   246
Block: Buckler           |    20 |    30 |   173 |    76 ||   299
       Reflection        |       |       |    10 |    11 ||    21
